 Dungeon Crawl Stone Soup version 0.20-a0-839-gdaf5c57 (webtiles) character file.

8 Dfrag the Firebug (level 2, 17/19 HPs)
             Began as a Demonspawn Fire Elementalist on Mar 8, 2017.
             Quit the game on level 1 of the Dungeon.
             The game lasted 00:00:23 (205 turns).

Dfrag the Firebug (Demonspawn Fire Elementalist)     Turns: 205, Time: 00:00:24

Health: 17/19      AC:  3    Str:  8    XL:     2   Next: 0%
Magic:  0/5        EV: 12    Int: 16    God:
Gold:   7          SH:  0    Dex: 13    Spells: 4/5 levels left

rFire    . . .     SeeInvis .   e - +0 dagger
rCold    . . .     Gourm    .   a - +0 robe
rNeg     . . .     Faith    .   (no shield)
rPois    .         Spirit   .   (no helmet)
rElec    .         Reflect  .   (no cloak)
rCorr    .         Harm     .   d - +0 pair of gloves
MR       .....                  (no boots)
Stlth    ++........             (no amulet)
Regen    0.1/turn               (no ring)
MPRegen  0.1/turn               (no ring)

@: very slightly contaminated
A: talons 1
a: no special abilities


You were on level 1 of the Dungeon.
You were not hungry.

You visited 1 branch of the dungeon, and saw 1 of its levels.

You collected 7 gold pieces.

Inventory:

Hand Weapons
 e - a +0 dagger (weapon)
Armour
 a - a +0 robe (worn)
 d - a +0 pair of gloves (worn)
Books
 b - a book of Flames

   Spells                             Type                      Level
   a - Flame Tongue                   Conjuration/Fire             1
   b - Throw Flame                    Conjuration/Fire             2
   c - Conjure Flame                  Conjuration/Fire             3
   d - Inner Flame                    Hexes/Fire                   3
   e - Sticky Flame                   Conjuration/Fire             4
   f - Fireball                       Conjuration/Fire             5
Comestibles
 c - a bread ration


   Skills:
 - Level 1.7 Dodging
 - Level 1.7 Stealth
 + Level 2.1 Spellcasting
 + Level 1.3 Conjurations
 + Level 3.0 Fire Magic


You had 4 spell levels left.
You knew the following spells:

 Your Spells              Type           Power        Failure   Level  Hunger
a - Flame Tongue          Conj/Fire      #....        10%         1    #......


Dungeon Overview and Level Annotations

Branches:
Dungeon (1/15)

Altars:


Innate Abilities, Weirdness & Mutations

You have sharp toenails.


Message History

The flame tongue hits the kobold.
You kill the kobold!
The giant cockroach bites you but does no damage.
Casting: Flame Tongue
Confirm with . or Enter, or press ? or * to list all spells.
You don't have enough magic to cast that spell.
Unknown command.
You hit the giant cockroach but do no damage.
The giant cockroach is severely wounded.
The giant cockroach bites you but does no damage.
The giant cockroach closely misses you.
You hit the giant cockroach.
You kill the giant cockroach!
Your Fire Magic skill increases to level 3!
You have reached level 2!
You feel monstrous as your demonic heritage exerts itself.
Your demonic ancestry asserts itself...
Your toenails lengthen and sharpen.
The kobold throws a stone.
The stone completely misses you.
Are you sure you want to abandon this character and quit the game? (Confirm with "yes".)

#.........>.# #.#
########...#.....###
######.####
.......'...........
............
#.######.........#
########><## #.#
#.#.........# ..........
#.# #.#.........#
#..##...... #.#
#.####......# ..
........
#.####.####......# .#
###......
#.#.............@# ..
.......
#.#.##..###.####)#.#####
########
#.#.#...........K.s.....
#.#.#............†......
....#...###..........###
#.#.#...# #####......#
#.......# #........
#..###..#######.........
#..#............##......


You could see a kobold.

Vanquished Creatures
  A giant cockroach (D:1)
  A goblin (D:1)
  A hobgoblin (D:1)
  A bat (D:1)
  2 kobolds (D:1)
  2 rats (D:1)
8 creatures vanquished.

Notes
Turn   | Place    | Note
-------+----------+-------------------------------------------
     0 | D:1      | Dfrag the Demonspawn Fire Elementalist began the quest for the Orb.
     0 | D:1      | Reached XP level 1. HP: 13/13 MP: 3/3
   204 | D:1      | Reached skill level 3 in Fire Magic
   204 | D:1      | Gained mutation: You have sharp toenails. [demonic ancestry]
   204 | D:1      | Reached XP level 2. HP: 17/19 MP: 0/5
   205 | D:1      | Quit the game

Vault maps used:
D:1:      dpeg_arrival_line_fractal, minmay_pentomino_q4

Skill      XL: |  1 |
---------------+----+-----
Fire Magic     | 3 |  3.0
Dodging        | |  1.7
Stealth        | |  1.7
Spellcasting   | |  2.1
Conjurations   | |  1.3

Action                   || total
-------------------------++-------
Melee: Dagger            ||    11
       Unarmed           ||     1
 Cast: Flame Tongue      ||     8
Armor: Robe              ||     5
Dodge: Dodged            ||    13
